 Dungeon Crawl Stone Soup version 0.18-a0-965-g9200175 (webtiles) character file.

1068 filipzpl the Fighter (level 8, 0/77 HPs)
             Began as a Minotaur Fighter on Jan 1, 2016.
             Was a Follower of Okawaru.
             Shot with an arrow by a centaur (4 damage)
             ... on level 7 of the Dungeon.
             The game lasted 00:07:21 (3427 turns).

filipzpl the Fighter (Minotaur Fighter)             Turns: 3427, Time: 00:07:21

Health: 0/77       AC:  9    Str: 23    XL:     8   Next: 7%
Magic:  7/7        EV:  7    Int:  5    God:    Okawaru [*.....]
Gold:   144        SH:  9    Dex: 10    Spells: 0 memorised, 7 levels left

rFire  . . .     SeeInvis .     a - +0 war axe
rCold  . . .     Gourm    .     b - +0 scale mail
rNeg   . . .     Faith    +     c - +0 shield
rPois  .         Spirit   .     (helmet restricted)
rElec  .         Dismiss  .     (no cloak)
rCorr  .         Reflect  .     q - +0 pair of gloves
SustAt .         Harm     .     (no boots)
MR     .....                    p - amulet of faith
Stlth  +.........               k - ring of stealth
                                e - +1 ring of protection

@: very slightly contaminated, hasted, drained, very quick, not resistant to
hostile enchantments, very unstealthy
A: retaliatory headbutt, horns 2
a: Heroism, Renounce Religion


You were on level 7 of the Dungeon.
You worshipped Okawaru.
Okawaru was aware of your devotion.
You were not hungry.

You visited 1 branch of the dungeon, and saw 6 of its levels.

You collected 144 gold pieces.

Inventory:

Hand Weapons
 a - a +0 war axe (weapon)
 C - a +0 battleaxe
Armour
 b - a +0 scale mail (worn)
 c - a +0 shield (worn)
 q - a +0 pair of gloves (worn)
 w - a +0 pair of boots
Jewellery
 e - a +1 ring of protection (left hand)
 k - a ring of stealth (right hand)
 p - an amulet of faith (around neck)
Wands
 v - a wand of polymorph (15/24)
 A - a wand of fire (8/15)
Scrolls
 g - a scroll of amnesia
 h - 2 scrolls of magic mapping {unknown}
 i - a scroll of remove curse
 t - a scroll of fog {unknown}
 y - 4 scrolls of identify
Potions
 d - a potion of might
 m - a potion of magic {unknown}
 n - a potion of degeneration {unknown}
 o - a potion of resistance {unknown}
 r - a potion of mutation {unknown}
 s - a potion of agility {unknown}
 u - a potion of berserk rage {unknown}
 z - a potion of invisibility {unknown}
Comestibles
 f - 3 bread rations
 j - 3 fruits
 x - a royal jelly
 B - 3 chunks of flesh


   Skills:
 * Level 8.9(8.4) Fighting
 * Level 8.2(7.8) Axes
 - Level 3.6(3.2) Armour
 - Level 3.6(3.2) Shields


You had 7 spell levels left.
You didn't know any spells.

Dungeon Overview and Level Annotations

Branches:
Dungeon (5/15)
 Temple: D:4-7

Altars:
Ashenzari
Dithmenos
Fedhas
Kikubaaqudgha
Makhleb
Okawaru
Pakellas
Ru
Vehumet
Xom
Yredelemnul
Zin
The Shining One


Innate Abilities, Weirdness & Mutations

You reflexively headbutt those who attack you in melee.
You have a pair of horns on your head.


Message History

Items here: )) †† a hand axe; a flail; an orc corpse; an orc corpse
Items here: (( ) [[ an arrow; a robe; a tomahawk; an enchanted dagger; a robe
Items here: )) †† a hand axe; a flail; an orc corpse; an orc corpse The centaur shoots an arrow.
The arrow hits you.
* * * LOW HITPOINT WARNING * * *
Items here: (( ) [[ 2 arrows; a robe; a tomahawk; an enchanted dagger; a robe Drink which item? (? for menu, Esc to quit)
It was a potion of haste.
You feel yourself speed up.
The centaur shoots an arrow.
The arrow barely misses you.
You are very lightly contaminated with residual magic.
Items here: ( ) [ † an arrow; a flail; a chain mail; an orc corpse
Found a scroll labeled IHISEENNA.
Found a quarterstaff.
You open the door.
The centaur shoots an arrow.
The arrow hits you.
You die...

#...) .... ## #..? ..
#..####.# ### #....... ....
### ###.. #..##.. .... #.#
$$##..#...#.# ..... ##.#
$$$#_.'@..#.####..... ##..#
$$##..#...c(......... ##...#
###.. #...)##.#......
#..).###### ####((().......
#......## ########.......#
#.......#####...............
##.....................(.###
##......######......####.#
#....[..####.....#### ..#


You could see a centaur.

Vanquished Creatures
  Duvessa (D:4)
  An orc warrior (D:7)
  An ogre (D:7)
  A giant frog (D:7)
  Dowan (D:4)
  4 wights (D:7)
  2 orc priests
  A hound (D:5)
  A jelly (D:5)
  A giant frog skeleton (D:5)
  2 orc wizards
  4 worker ants
  11 adders
  2 gnolls (D:1)
  2 worms
  4 giant geckos
  9 orcs
  3 bats (D:1)
  4 giant cockroaches
  6 goblins
  7 hobgoblins
  12 jackals
  5 quokkas
  A ball python (D:3)
  A ball python skeleton (D:4)
  3 giant newts
  6 kobolds
  6 rats
102 creatures vanquished.

Notes
Turn   | Place    | Note
--------------------------------------------------------------
     0 | D:1      | filipzpl the Minotaur Fighter began the quest for the Orb.
     0 | D:1      | Reached XP level 1. HP: 19/19 MP: 0/0
   262 | D:1      | Reached skill level 4 in Fighting
   262 | D:1      | Reached XP level 2. HP: 20/27 MP: 1/1
   375 | D:1      | Reached XP level 3. HP: 27/34 MP: 2/2
   684 | D:2      | Reached XP level 4. HP: 26/41 MP: 3/3
   770 | D:2      | Reached skill level 5 in Fighting
   795 | D:2      | Found a shimmering altar of Xom.
   799 | D:2      | Found a burning altar of Makhleb.
  1517 | D:3      | Reached XP level 5. HP: 48/48 MP: 4/4
  1651 | D:3      | Reached skill level 5 in Axes
  1665 | D:3      | Reached skill level 6 in Fighting
  1994 | D:3      | Found an ancient bone altar of Kikubaaqudgha.
  1996 | D:3      | Found a blossoming altar of Fedhas.
  2037 | D:3      | You fall through a shaft for 2 floors!
  2037 | D:5      | Entered Level 5 of the Dungeon
  2055 | D:5      | Found a basalt altar of Yredelemnul.
  2111 | D:5      | Reached XP level 6. HP: 56/58 MP: 5/5
  2253 | D:4      | Noticed Duvessa
  2255 | D:4      | Noticed Dowan
  2517 | D:4      | Killed Duvessa
  2517 | D:4      | Reached skill level 7 in Fighting
  2534 | D:4      | Killed Dowan
  2534 | D:4      | Reached XP level 7. HP: 11/66 MP: 6/6
  2984 | D:4      | You fall through a shaft for 3 floors!
  2991 | D:7      | Found a shattered altar of Ashenzari.
  3002 | D:7      | Reached skill level 8 in Fighting
  3220 | D:7      | Found a glowing golden altar of the Shining One.
  3228 | D:7      | Found an oddly glowing altar of Pakellas.
  3236 | D:7      | Found a sacrificial altar of Ru.
  3250 | D:7      | Found a radiant altar of Vehumet.
  3258 | D:7      | Found an iron altar of Okawaru.
  3263 | D:7      | Became a worshipper of Warmaster Okawaru
  3270 | D:7      | Found a shadowy altar of Dithmenos.
  3403 | D:7      | Reached XP level 8. HP: 25/77 MP: 7/7
  3411 | D:7      | Reached * piety under Okawaru
  3421 | D:7      | HP: 3/77 [centaur/arrow (6)]
  3427 | D:7      | Found a glowing silver altar of Zin.
  3427 | D:7      | Shot with an arrow by a centaur

Vault maps used:
D:1:      dpeg_arrival_tiny_a
D:2:      minitemple, first_bread
D:3:      grunt_temple_overflow_growth_and_decay, minmay_misc_feat_pillars
D:4:      minmay_temple_entry_statues_fountains, minivault_19, uniq_duvessa
D:5:      bloody_trog, yredelemnul_altar_generic
D:7:      zin_treasury, grunt_temple_overflow_octagram, serial_shops,
          nicolae_shop_statue_plus

Action                   |  1- 3 |  4- 6 |  7- 9 || total
-------------------------+-------+-------+-------++-------
Melee: War axe           |    76 |   191 |    78 ||   345
  Use: Scroll            |       |     6 |       ||     6
       Potion            |       |       |     1 ||     1
  Eat: Chunk             |       |     3 |     3 ||     6
       Pizza             |       |     1 |       ||     1
       Fruit             |       |       |     1 ||     1
